 Dungeon Crawl Stone Soup version 0.31.0-12-g77e489cdc1 (webtiles) character file.

Game seed: 3330787808101252221

77 dirge the Caller (level 4, -4/24 HPs)
             Began as a Deep Elf Summoner on Feb 26, 2024.
             Slain by Crazy Yiuf
             ... wielding a +3 quarterstaff of chaos
              (19 damage)
             ... on level 2 of the Dungeon.
             The game lasted 00:05:55 (2078 turns).

dirge the Caller (Deep Elf Summoner)                Turns: 2078, Time: 00:05:55

Health: -4/24      AC:  2    Str:  5    XL:     4   Next: 14%
Magic:  9/12       EV: 13    Int: 22    God:
Gold:   97         SH:  0    Dex: 15    Spells: 5/11 levels left

rFire   . . .        a - +2 dagger (speed)
rCold   . . .        (no shield)
rNeg    . . .        e - +0 robe
rPois   .            (no helmet)
rElec   .            (no cloak)
rCorr   .            (no gloves)
SInv    .            (no boots)
Will    .....        p - amulet of magic regeneration
Stlth   ++           (no ring)
HPRegen 0.24/turn    (no ring)
MPRegen 0.53/turn

%: no passive effects
@: unable to call your familiar
A: no striking features
a: no special abilities


You were on level 2 of the Dungeon.
You visited 1 branch of the dungeon, and saw 2 of its levels.

You collected 97 gold pieces.

Inventory:

Hand Weapons
 a - a +2 dagger of speed (weapon)
Armour
 e - a +0 robe (worn)
Jewellery
 p - an amulet of magic regeneration (around neck)
Scrolls
 c - a scroll of enchant weapon {unknown}
 g - a scroll of fear {unknown}
 h - 3 scrolls of torment {unknown}
 i - 2 scrolls of teleportation {unknown}
 j - a scroll of noise {unknown}
 l - a scroll of identify {unknown}
 m - 2 scrolls of amnesia {unknown}
Potions
 b - a potion of magic
 d - 2 potions of curing {unknown}
 f - a potion of invisibility {unknown}
 k - a potion of might {unknown}
 n - a potion of brilliance {unknown}
 o - a potion of attraction {unknown}


   Skills:
 + Level 3.0 Dodging
 + Level 3.2 Stealth
 * Level 4.3 Spellcasting
 * Level 5.1 Summonings


You had 5 spell levels left.
You knew the following spells:

 Your Spells              Type           Power      Damage    Failure   Level
a - Summon Small Mammal   Summ           100%       N/A       1%          1
b - Call Imp              Summ           54%        N/A       1%          2
c - Call Canine Familiar  Summ           27%        N/A       4%          3

Your spell library contained the following spells:

 Spells                   Type           Power      Damage    Failure   Level
 Summon Blazeheart Golem  Fire/Summ      16%        N/A       36%         4
 Summon Lightning Spire   Summ/Air       16%        N/A       36%         4


Dungeon Overview and Level Annotations

Branches:
Dungeon (2/15)

Altars:

Shops:
D:1 *

Annotations:
D:2 Crazy Yiuf


Message History

Casting: Call Canine Familiar (quite dangerous; 4% risk of failure)
Confirm with . or Enter, or press ? or * to list all spells.
You don't know that spell.
Casting: Call Canine Familiar (quite dangerous; 4% risk of failure)
Confirm with . or Enter, or press ? or * to list all spells.
A tiny devil pulls itself out of the air.
Crazy Yiuf shouts!
Crazy Yiuf hits your cerulean imp with a +3 quarterstaff of chaos!
Your cerulean imp dies!
Your cerulean imp disappears in a puff of smoke!
Casting: Call Imp (safe; 1% risk of failure)
Confirm with . or Enter, or press ? or * to list all spells.
A tiny devil pulls itself out of the air.
Your cerulean imp says, "You called?"
Crazy Yiuf misses your cerulean imp.
Unknown command.
What are your orders? t - Shout!
Orders for allies: a - Attack new target. r - Retreat! s - Stop attacking. g - Guard the area. f - Follow me.
Anything else - Cancel.
Gang up on whom?
Press: ? - help, Dir - move target, f - Crazy Yiuf
Aim: Crazy Yiuf, wielding a +3 quarterstaff of chaos and wearing a +1 cloak (heavily wounded, ally target) Attack!
Crazy Yiuf hits your cerulean imp with a +3 quarterstaff of chaos!
Your cerulean imp appears confused.
Your cerulean imp misses you.
Your cerulean imp barely misses itself.
Crazy Yiuf hits your cerulean imp with a +3 quarterstaff of chaos!
Your cerulean imp dies!
Your cerulean imp disappears in a puff of smoke!
Casting: Call Imp (safe; 1% risk of failure)
Confirm with . or Enter, or press ? or * to list all spells.
A tiny devil pulls itself out of the air.
Crazy Yiuf sings, "Trees, trees, trees, circus!"
Crazy Yiuf hits you with a +3 quarterstaff of chaos!
You are electrocuted!!
Ouch! That really hurt!
You die...

#.# ##### #.#.# #.#
#.# #.#.# #.# #.#
##### #.######.# #.#
#........# #.#
##.####### #.# ###
♣♣###.# ##.## #)..#♣♣
♣♣P....# #...#
#...'g♣♣♣♣......#
#...#
#...#♣@5♣..P...##
#..## ### ♣♣♣.♣.P..##
#..# ♣♣♣♣♣### #).#
#.÷######### ### ###
#÷.........# #.#
#.########
#.##.###.#.###.#
#........# #.##.#
#.##...## #..#####.#
##.##.#
#.###..#####..#####.##


You could see Crazy Yiuf (ally target) and a friendly cerulean imp (summoned).

Vanquished Creatures
  A hobgoblin (D:2)
  A ball python (D:1)
  2 bats (D:2)
  2 frilled lizards (D:1)
  A kobold (D:2)
7 creatures vanquished.

Vanquished Creatures (collateral kills)
  Natasha (D:2)
  4 dart slugs
  4 bats
  5 endoplasms (D:1)
  3 giant cockroaches
  2 goblins
  2 hobgoblins (D:1)
  3 jackals (D:1)
  2 kobolds (D:1)
  2 quokkas (D:1)
  2 ball pythons
  3 frilled lizards (D:2)
  2 rats
35 creatures vanquished.

Grand Total: 42 creatures vanquished

Notes
Turn   | Place    | Note
-------+----------+-------------------------------------------
     0 | D:1      | dirge the Deep Elf Summoner began the quest for the Orb.
     0 | D:1      | Reached XP level 1. HP: 10/10 MP: 6/6
   335 | D:1      | Reached XP level 2. HP: 14/15 MP: 5/8
   363 | D:1      | Found Wehub's Assorted Antiques.
   367 | D:1      | Learned a level 2 spell: Call Imp
   794 | D:1      | Found a faded altar of an unknown god.
   796 | D:1      | Noticed a glass eye
   797 | D:1      | Noticed an eye of devastation
   798 | D:1      | Noticed a shining eye
   798 | D:1      | Noticed a golden eye
   823 | D:1      | Reached XP level 3. HP: 12/19 MP: 2/10
  1581 | D:2      | Learned a level 3 spell: Call Canine Familiar
  1693 | D:2      | Noticed Natasha
  1734 | D:2      | Killed Natasha
  1735 | D:2      | Reached skill level 5 in Summonings
  1735 | D:2      | Reached XP level 4. HP: 6/24 MP: 0/12
  2059 | D:2      | Found a runed translucent door.
  2060 | D:2      | Noticed Crazy Yiuf
  2078 | D:2      | Slain by Crazy Yiuf

Illustrated notes

Levels and vault maps discovered:
D:1:      tarquinn_simple_flora_water_c, layout_basic,
          hellmonk_ecumenical_altar_watching_god, serial_shops,
          nicolae_shop_tiny_waterfront, chequers_avenue
D:2:      layout_loops_ring, grunt_decor_mini_mirrors, uniq_natasha,
          uniq_crazy_yiuf_cottage

Skill      XL: |  1  2  3 |
---------------+----------+-----
Stealth        | 3 |  3.2
Spellcasting   | 4 |  4.3
Dodging        | 3 |  3.0
Summonings     | 5 |  5.1

Action                     |  1- 3 |  4- 6 || total
---------------------------+-------+-------++-------
  Melee: Unarmed           |     3 |       ||     3
         Short sword       |     4 |       ||     4
         Dagger            |    17 |       ||    17
   Cast: Summon Small Mamm |    19 |       ||    19
         Call Imp          |    19 |     3 ||    22
         Call Canine Famil |     2 |     2 ||     4
   Stab: Sleeping          |     5 |       ||     5
 Armour: Robe              |    42 |     3 ||    45
  Dodge: Dodged            |    52 |    11 ||    63
